 Dungeon Crawl Stone Soup version 0.22-a0-587-g7d32d7c (webtiles) character file.

728 EazyBreezy the Cutter (level 7, 0/51 HPs)
             Began as a Vampire Gladiator on July 5, 2018.
             Was an Initiate of Yredelemnul.
             Shot with an arrow by a centaur (5 damage)
             ... on level 5 of the Dungeon.
             The game lasted 00:11:26 (4320 turns).

EazyBreezy the Cutter (Vampire Gladiator)           Turns: 4320, Time: 00:11:26

Health: 0/51       AC:  9    Str: 14    XL:     7   Next: 44%
Magic:  7/7        EV: 14    Int: 10    God:    Yredelemnul [......]
Gold:   288        SH:  0    Dex: 17    Spells: 6/6 levels left

rFire    . . .     SeeInvis +   a - +1 rapier
rCold    + + .     Gourm    .   (no shield)
rNeg     + + +     Faith    .   b - +1 leather armour
rPois    ∞         Spirit   .   j - +2 helmet
rElec    .         Reflect  .   s - scarf {cloud immunity}
rCorr    .         Harm     .   o - +0 pair of gloves
MR       .....                  h - +0 pair of boots
Stlth    ++++++....             (no amulet)
HPRegen  0.00/turn              n - ring of stealth
MPRegen  0.10/turn              (no ring)

@: very slightly contaminated, bloodless, non-regenerating
A: fangs 3, see invisible, unbreathing
a: Bat Form, Renounce Religion


You were on level 5 of the Dungeon.
You worshipped Yredelemnul.
Yredelemnul was noncommittal.
You were bloodless.

You visited 2 branches of the dungeon, and saw 6 of its levels.

You collected 288 gold pieces.

Inventory:

Hand Weapons
 a - a +1 rapier (weapon)
Missiles
 d - 3 throwing nets (quivered)
Armour
 b - a +1 leather armour (worn)
 h - a +0 pair of boots (worn)
 j - a +2 helmet (worn)
 o - a +0 pair of gloves (worn)
 s - a scarf of cloud immunity (worn)
Jewellery
 n - a ring of stealth (left hand)
Wands
 l - a wand of digging (12)
 p - a wand of iceblast (9)
 r - a wand of acid (14)
Scrolls
 g - 2 scrolls of amnesia
 k - 2 scrolls of remove curse
Potions
 c - a potion of brilliance {unknown}
 e - 9 potions of blood
 f - a potion of resistance
 i - a potion of haste


   Skills:
 * Level 2.7 Fighting
 * Level 6.2 Short Blades
 - Level 1.5 Throwing
 * Level 2.4 Armour
 * Level 4.9 Dodging
 * Level 6.0 Stealth


You had 6 spell levels left.
You didn't know any spells.
Your spell library was empty.

Dungeon Overview and Level Annotations

Branches:
Dungeon (5/15)             Temple (1/1) D:5

Altars:
Ashenzari
Cheibriados
Elyvilon
Fedhas
Gozag
Kikubaaqudgha
Okawaru
Qazlal
Ru
Sif Muna
Uskayaw
Vehumet
Wu Jian
Xom
Yredelemnul
Zin


Innate Abilities, Weirdness & Mutations

You do not heal naturally.
You are immune to poison.
You have razor-sharp teeth.
You have supernaturally acute eyesight. (SInv)
You can survive without breathing.


Message History

The centaur is heavily wounded.
The centaur hits you but does no damage.
The adder bites you but does no damage. The quokka bites you.
* * * LOW HITPOINT WARNING * * *
Blink to where?
Press: ? - help, Dir - move target cursor You are very lightly contaminated with residual magic.
As you read the scroll of blinking, it crumbles to dust.
The centaur wields an uncursed shortbow.
The centaur shoots an arrow.
The arrow hits you.
* * * LOW HITPOINT WARNING * * *
You see here an arrow.
The quokka bites you.
* * * LOW HITPOINT WARNING * * *
The centaur shoots an arrow.
The arrow hits you.
* * * LOW HITPOINT WARNING * * *
You see here an arrow.
The centaur shoots an arrow.
The arrow hits you.
You die...
Yredelemnul claims you as an undead slave.

#.....#......#......#.(.##
#.⌠.⌠.#......#......#...#
+..>..+.>###.#......_(..#
#.⌠.⌠.##............#...#
#.....# ............#..## .
###'####.###.......###(########
..#.#........#
#.....###.........
....##.......+
#..S.r###.#######.
#......<...###@(r......###
+.................c..........
.#......####..................
............+..................
.........####.......##....#####
..........................#
............###....######.#
...........†# ####.# ...
....>.......# ...# ##


You could see a centaur, an adder and 2 quokkas.

Vanquished Creatures
  Menkaure (D:5)
  A sky beast (D:5)
  2 ice beasts
  A hound (D:4)
  4 worker ants (D:4)
  A hound skeleton (D:2)
  A worker ant zombie (D:5)
  3 gnolls (D:4)
  6 adders
  An ooze (D:4)
  2 worms (D:3)
  6 dart slugs
  3 orcs
  8 bats
  7 giant cockroaches
  7 hobgoblins
  8 jackals
  9 kobolds
  5 quokkas
  A ball python (D:1)
  8 frilled lizards
  9 goblins
  7 rats
101 creatures vanquished.

Notes
Turn   | Place    | Note
-------+----------+-------------------------------------------
     0 | D:1      | EazyBreezy the Vampire Gladiator began the quest for the Orb.
     0 | D:1      | Reached XP level 1. HP: 16/16 MP: 1/1
    57 | D:1      | Reached XP level 2. HP: 12/22 MP: 2/2
   325 | D:1      | Reached XP level 3. HP: 27/27 MP: 3/3
   513 | D:1      | Reached skill level 1 in Stealth
   890 | D:2      | Noticed an ice beast
   949 | D:1      | Killed an ice beast
   949 | D:1      | Reached skill level 1 in Armour
   949 | D:1      | Reached XP level 4. HP: 13/33 MP: 4/4
  1465 | D:2      | Reached XP level 5. HP: 38/38 MP: 5/5
  1658 | D:2      | Reached skill level 5 in Short Blades
  1926 | D:2      | Found a stormy altar of Qazlal.
  3262 | D:4      | Reached XP level 6. HP: 23/45 MP: 6/6
  3986 | D:5      | Entered Level 5 of the Dungeon
  3986 | D:5      | Noticed an ice beast
  3987 | D:5      | Killed an ice beast
  4001 | D:5      | Reached XP level 7. HP: 46/51 MP: 7/7
  4128 | D:5      | Noticed Menkaure
  4136 | D:5      | Killed Menkaure
  4136 | D:5      | Reached skill level 5 in Stealth
  4175 | D:5      | Found a staircase to the Ecumenical Temple.
  4183 | Temple   | Entered the Ecumenical Temple
  4241 | Temple   | Became a worshipper of Yredelemnul the Dark
  4277 | D:5      | Found a shattered altar of Ashenzari.
  4320 | D:5      | Shot with an arrow by a centaur

Vault maps used:
D:1:      dpeg_arrival_water_temple_mockup
D:2:      nicolae_qazlal_eye_of_the_storm, first_ration
D:5:      cheibrodos_ashenzari_chains, minmay_temple_entry_hall,
          glass_columns_b, uniq_menkaure
Temple:   regret_index_temple_chain_breaker

Skill      XL: |  1  2  3  4  5  6  7 |
---------------+----------------------+-----
Short Blades   | 4 5 6 |  6.2
Stealth        | 1 3 4 6 |  6.0
Fighting       | 2 |  2.7
Armour         | 1 2 |  2.4
Dodging        | 4 |  4.9
Throwing       | |  1.5

Action                   |  1- 3 |  4- 6 |  7- 9 || total
-------------------------+-------+-------+-------++-------
Melee: Rapier            |    88 |   189 |    16 ||   293
       Bite              |    13 |    12 |     3 ||    28
  Use: Potion            |     4 |     2 |       ||     6
       Scroll            |     2 |     4 |     2 ||     8
 Stab: Sleeping          |       |    19 |     4 ||    23
       Distracted        |       |     1 |       ||     1
Armor: Leather armour    |    35 |    38 |    10 ||    83
       Skin              |     4 |       |       ||     4
Dodge: Dodged            |    75 |    97 |    20 ||   192

Table legend:
 A = Spawn XP
 B = Non-spawn XP
 C = Spawn XP percentage of total XP
 D = Spawn monster count
 E = Non-spawn monster count
 F = Spawn count percentage of total count
 G = Total turns spent on level
                    A         B        C        D         E        F      G
               +---------+---------+-------+---------+---------+-------+---------
         Total |       0 |    1041 |   0.0 |       0 |     101 |   0.0 |  4320
               +---------+---------+-------+---------+---------+-------+---------
           D:1 |       0 |     174 |   0.0 |       0 |      33 |   0.0 |  1443
           D:2 |       0 |     101 |   0.0 |       0 |      27 |   0.0 |   545
           D:3 |       0 |      48 |   0.0 |       0 |      17 |   0.0 |  1173
           D:4 |       0 |     261 |   0.0 |       0 |      16 |   0.0 |   825
           D:5 |       0 |     457 |   0.0 |       0 |       8 |   0.0 |   265
               +---------+---------+-------+---------+---------+-------+---------
